 Dungeon Crawl Stone Soup version 0.26-a0-466-g989023bd0d (webtiles) character file.

Game seed: 514515154268115624

14 jt the Sneak (level 2, 0/24 HPs)
             Began as a Formicid Delver on July 31, 2020.
             Slain by a centaur skeleton (6 damage)
             ... on level 4 of the Dungeon.
             The game lasted 00:01:14 (232 turns).

jt the Sneak (Formicid Delver)                       Turns: 232, Time: 00:01:14

Health: 0/24       AC:  3    Str: 16    XL:     2   Next: 60%
Magic:  2/2        EV: 12    Int:  9    God:
Gold:   7          SH:  0    Dex: 12    Spells: 1/1 levels left

rFire    . . .     SeeInvis +   a - +0 spear
rCold    . . .     Faith    .   (no shield)
rNeg     . . .     Spirit   .   b - +0 leather armour
rPois    .         Reflect  .   (helmet unavailable)
rElec    .         Harm     .   (no cloak)
rCorr    .                      (no gloves)
MR       .....                  (no boots)
Stlth    +++.......             (no amulet)
HPRegen  0.08/turn              (no ring)
MPRegen  0.08/turn              (no ring)

@: no status effects
A: permanent stasis, dig shafts and tunnels, four strong arms, antennae 3
a: Dig, Shaft Self


You were on level 4 of the Dungeon.
You visited 1 branch of the dungeon, and saw 3 of its levels.

You collected 7 gold pieces.

Inventory:

Hand Weapons
 a - a +0 spear (weapon)
 g - a +3 quarterstaff
 h - a cursed -3 hunting sling
Armour
 b - a +0 leather armour (worn)
Wands
 f - a wand of digging (3)
Scrolls
 c - a scroll of fog
 d - a scroll of magic mapping
 e - a scroll of fear


   Skills:
 - Level 3.2 Fighting
 + Level 3.0 Polearms
 - Level 1.7 Dodging
 - Level 6.0 Stealth


You had one spell level left.
You didn't know any spells.
Your spell library was empty.

Dungeon Overview and Level Annotations

Branches:
Dungeon (6/15)
 Temple: D:4-7

Altars:

Annotations:
D:4 Ijyb


Innate Abilities, Weirdness & Mutations

You cannot be hasted, slowed, berserked, paralysed or teleported.
You can dig through walls and to a lower floor.
Your four strong arms can wield two-handed weapons with a shield.
You have a pair of large antennae on your head. (SInv)


Message History

The centaur skeleton hits you but does no damage.
You hit the centaur skeleton.
The centaur skeleton is moderately damaged.
The centaur skeleton hits you.
You hit the centaur skeleton.
The centaur skeleton is heavily damaged.
The centaur skeleton hits you.
The centaur skeleton completely misses you.
You are too injured to fight recklessly!
You are too injured to fight recklessly!
You are too injured to fight recklessly!
You completely miss the centaur skeleton.
The centaur skeleton is heavily damaged.
The centaur skeleton hits you.
* * * LOW HITPOINT WARNING * * *
You aren't carrying any potions.
You hit the centaur skeleton.
The centaur skeleton is severely damaged.
The centaur skeleton hits you.
You die...

#.... #.... { { #.... { {
{ #.... #.... #+# #....
#.# #....
##.#.###.#############....
........Z@...........'....
##.#.###.#############....
#.# ##### #.# #.######
#......# { #....[.#
#......#### #........'#


You could see a centaur skeleton.

Vanquished Creatures
  A hound skeleton (D:4)
  An orc (D:4)
2 creatures vanquished.

Notes
Turn   | Place    | Note
-------+----------+-------------------------------------------
     0 | D:5      | jt the Formicid Delver began the quest for the Orb.
     0 | D:5      | Reached XP level 1. HP: 18/18 MP: 1/1
     3 | D:6      | Noticed an orc priest
     3 | D:6      | Noticed an orc wizard
   104 | D:4      | Reached XP level 2. HP: 20/24 MP: 2/2
   203 | D:4      | Noticed Ijyb
   232 | D:4      | Slain by a centaur skeleton

Illustrated notes

Levels and vault maps discovered:
D:4:      layout_basic, uniq_eustachio, uniq_natasha, uniq_duvessa,
          uniq_crazy_yiuf_cottage, uniq_ijyb
D:5:      layout_loops_cross, overflow_temple_1_default, minmay_bent,
          uniq_grinder, uniq_pikel
D:6:      layout_loops_ring, serial_shops, shop, shop, shop, abandoned_shop

Skill      XL: |  1  2 |
---------------+-------+-----
Polearms       | 3 |  3.0
Fighting       | |  3.2
Dodging        | |  1.7
Stealth        | |  6.0

Action                   || total
-------------------------++-------
Melee: Spear             ||    17
 Stab: Sleeping          ||     1
Armor: Leather armour    ||     2
Dodge: Dodged            ||     6

Table legend: (Time is in decaauts)
 A = Elapsed time spent in this place.
 B = Non-inter-level travel time spent in this place.
 C = Inter-level travel time spent in this place.
 D = Time resting spent in this place.
 E = Time spent auto-exploring this place.
 F = Levels seen in this place.
 G = Mean time per level.
                   A        B        C        D        E       F      G
               +--------+--------+--------+--------+--------+-----+--------+
         Total |    231 |    231 |      0 |     46 |      0 |   3 |   77.0 |
       Dungeon |    231 |    231 |      0 |     46 |      0 |   3 |   77.0 |
               +--------+--------+--------+--------+--------+-----+--------+

Top non-repeatable levels by time:
     D:4: 212 daAuts
     D:5: 17 daAuts
     D:6: 1 daAuts
